 Dungeon Sprint DCSS version 0.30-a0-458-g86641cc369 (webtiles) character file.

Game seed: 11738282900219004995

9 NinjaNoafa the Caller (level 2, -3/11 HPs)
             Began as a Felid Summoner on Dec 15, 2022.
             Was an Initiate of Jiyva.
             Slain by a river rat (7 damage)
             ... in the Dungeon (Sprint V: "Ziggurat Sprint").
             The game lasted 00:01:20 (181 turns).

NinjaNoafa the Caller (Felid Summoner)               Turns: 181, Time: 00:01:21

Health: -3/11      AC:  1    Str:  4    XL:     2   Next: 6%
Magic:  3/9        EV: 17    Int: 16    God:    Jiyva [......]
Gold:   0          SH:  0    Dex: 16    Spells: 8/11 levels left
                                        Lives:  0   Deaths: 0

rFire   . . .      SeeInvis +    (weapon unavailable)
rCold   . . .      Faith    .    (shield unavailable)
rNeg    . . .      Spirit   .    (body armour unavailable)
rPois   .          Reflect  .    (helmet unavailable)
rElec   .          Harm     .    (cloak unavailable)
rCorr   .          Rampage  .    (gloves unavailable)
Will    .....      NoTele   +    (boots unavailable)
Stlth   ++........               (no amulet)
HPRegen 0.21/turn                (no ring)
MPRegen 0.11/turn                (no ring)

@: quick
A: very small, claws 1, fangs 3, see invisible, speed 1, shaggy fur 1, stealthy
paws, no weapons or thrown items, no armour, multi-lived
a: Renounce Religion


You were in the Dungeon.
You worshipped Jiyva.
Jiyva was noncommittal.
You visited 1 branch

Inventory:

Jewellery
 r - a ring of flight
 s - a +6 ring of dexterity
 t - a +6 ring of dexterity
 u - a +6 ring of intelligence
 v - a +6 ring of intelligence
 w - a +6 ring of strength
 x - a +6 ring of strength
Wands
 p - a wand of mindburst (7)
 q - a wand of quicksilver (7)
Scrolls
 f - 4 scrolls of blinking
 g - 4 scrolls of amnesia
 h - 7 scrolls of fog
 i - 5 scrolls of identify
 j - 2 scrolls of fear
Potions
 a - 8 potions of magic
 b - 10 potions of curing
 c - 10 potions of heal wounds
 d - 6 potions of haste
 e - 3 potions of berserk rage
 k - 2 potions of brilliance
 l - 2 potions of invisibility
 m - 4 potions of resistance
 o - 5 potions of might
Miscellaneous
 y - a lightning rod (4/4)


   Skills:
 - Level 2.6 Dodging
 - Level 2.6 Stealth
 + Level 5.1 Spellcasting
 + Level 6.6 Summonings


You had 8 spell levels left.
You knew the following spells:

 Your Spells              Type           Power      Damage    Failure   Level
a - Summon Small Mammal   Summ           100%       N/A       1%          1
b - Call Imp              Summ           25%        N/A       1%          2

Your spell library contained the following spells:

 Spells                   Type           Power      Damage    Failure   Level
 Call Canine Familiar     Summ           25%        N/A       3%          3
 Summon Guardian Golem    Hex/Summ       14%        N/A       12%         3
 Summon Lightning Spire   Summ/Air       14%        N/A       36%         4


Dungeon Overview and Level Annotations

Branches:
Dungeon (1/1)

Altars:
Ashenzari
Cheibriados
Dithmenos
Elyvilon
Fedhas
Gozag
Hepliaklqana
Kikubaaqudgha
Makhleb
Nemelex Xobeh
Okawaru
Qazlal
Ru
Sif Muna
Trog
Uskayaw
Vehumet
Wu Jian
Xom
Yredelemnul
Zin
The Shining One
Jiyva
Lugonu

Annotations:
D 1 transporter


Innate Abilities, Weirdness & Mutations

You have sharp claws.
You have razor-sharp teeth.
You have supernaturally acute eyesight. (SInv)
You cover ground quickly. (Speed+)
You are covered in fur. (AC +1)
Your paws help you pounce on unaware monsters.
You are incapable of wielding weapons or throwing items.
You cannot wear armour.
You gain extra lives every three experience levels.


Message History

Your rat bites the jackal but does no damage.
The jackal closely misses your crimson imp.
The river rat completely misses you.
Your bat closely misses the river rat.
Your crimson imp blinks!
Your bat closely misses the river rat.
The river rat bites you!
Ouch! That really hurt!
You swap places.
Your bat barely misses the jackal.
Your bat misses the jackal. The jackal closely misses you.
Your rat bites the jackal.
The jackal dies!
Your bat barely misses the river rat.
Your crimson imp blinks!
Your bat misses the river rat.
You see here a staff of cold.
Your bat closely misses the river rat.
The river rat bites your bat!
Your bat dies!
Your bat's corpse disappears in a puff of smoke!
Your crimson imp barely misses the river rat.
The river rat bites your rat!
Your rat dies!
Your rat's corpse disappears in a puff of smoke!
Casting: Call Imp (safe; 1% risk of failure)
Confirm with . or Enter, or press ? or * to list all spells.
A beastly little devil appears in a puff of flame.
Your crimson imp disappears in a puff of smoke!
The river rat closely misses you.
Your crimson imp hits the river rat but does no damage.
Your crimson imp hits the river rat but does no damage.
Casting: Call Imp (safe; 1% risk of failure)
Confirm with . or Enter, or press ? or * to list all spells.
The river rat bites you.
* * * LOW HITPOINT WARNING * * *
Your crimson imp blinks!
Your bat hits the river rat but does no damage.
The river rat barely misses you.
Your crimson imp blinks!
Your bat hits the river rat but does no damage.
The river rat bites you!
Ouch! That really hurt!
You die...

▓▓▓▓▓▓▓
▓.8©8.▓
▓.....▓
▓b|.:.▓
▓..§5.▓
▓...r.▓
▓..@..▓
▓▓▓▓▓▓▓


You could see a river rat (ally target), a friendly crimson imp (summoned) and a
friendly bat (summoned).

Vanquished Creatures (collateral kills)
  A jackal (D)
1 creature vanquished.

Vanquished Creatures (others)
  the Royal Jelly (D)
  the Serpent of Hell (D)
  Mennas (D)
  5 acid blobs (D)
  Gastronok (D)
  4 azure jellies (D)
  8 rockslimes (D)
  A quicksilver ooze (shapeshifter) (D)
  8 quicksilver oozes (D)
  A very ugly thing (D)
  Nessos (D)
  An ice dragon (shapeshifter) (D)
  Sonja (D)
  A glowing orange brain (shapeshifter) (D)
  Pikel (D)
  An ugly thing (D)
  A mana viper (shapeshifter) (D)
  Maurice (D)
  Joseph (D)
  A cane toad (shapeshifter) (D)
  Grinder (D)
  2 culicivoras (shapeshifter) (D)
  Eustachio (D)
  Grum (D)
  Edmund (D)
  A neqoxec (D)
  A floating eye (shapeshifter) (D)
  Jessica (D)
50 creatures vanquished.

Grand Total: 51 creatures vanquished

Notes
Turn   | Place    | Note
-------+----------+-------------------------------------------
     0 | D        | NinjaNoafa the Felid Summoner began the quest for the Orb.
     0 | D        | Reached XP level 1. HP: 7/7 MP: 4/4
     2 | D        | Found a blossoming altar of Fedhas.
     2 | D        | Found the +6 Majin-Bo {vamp, MP+6 Int+6}
     2 | D        | Found the +27 heavy crossbow "Sniper" {vorpal, Acc+∞ SInv}
     2 | D        | Found the +10 dark maul {vorpal}
     2 | D        | Found the +15 Maxwell's patent armour {-Cast -Tele rElec
                  | Will+ rCorr}
     2 | D        | Found the +18 shield of the Gong {rElec rN+ Will+ EV-5}
     2 | D        | Found the +14 obsidian axe {vorpal, Mesm Drain Fly SInv}
     2 | D        | Found the +7 great mace "Firestarter" {inner flame, rF++}
     2 | D        | Found the +6 shillelagh "Devastator" {shatter}
     2 | D        | Found the +11 plutonium sword {Contam Stlth-}
     2 | D        | Found the +8 lance "Wyrmbane" {slay drac, rPois rF+ rC+
                  | AC+3}
     2 | D        | Found the +9 sword of Zonguldrok {reap}
     2 | D        | Found the +13 scythe of Curses {drain, Drain}
     2 | D        | Found the +5 sword of Power {vorpal}
     2 | D        | Found the +7 mace of Variability {chain chaos}
     2 | D        | Found the +7 Singing Sword {vorpal, sonic wave}
     2 | D        | Found the +8 storm bow {elec, penet}
     3 | D        | Found a viscous altar of Jiyva.
     3 | D        | Found a hazy altar of Hepliaklqana.
     3 | D        | Found a transporter.
     3 | D        | Found an opulent altar of Gozag.
     3 | D        | Found an ancient bone altar of Kikubaaqudgha.
     3 | D        | Found a corrupted altar of Lugonu.
    13 | D        | Found a burning altar of Makhleb.
    14 | D        | Found a sacrificial altar of Ru.
    14 | D        | Found a shimmering blue altar of Sif Muna.
    14 | D        | Found a stormy altar of Qazlal.
    14 | D        | Found a bloodstained altar of Trog.
    14 | D        | Found an iron altar of Okawaru.
    14 | D        | Found a sparkling altar of Nemelex Xobeh.
    38 | D        | Became a worshipper of Jiyva Jilan the Shapeless
    38 | D        | Killed Grinder
    42 | D        | Reached skill level 5 in Spellcasting
    42 | D        | Reached skill level 6 in Summonings
    42 | D        | Reached XP level 2. HP: 11/11 MP: 5/9
    42 | D        | Killed a quicksilver ooze
    43 | D        | Killed Sonja
    43 | D        | Killed a quicksilver ooze
    45 | D        | Killed a quicksilver ooze
    46 | D        | Learned a level 2 spell: Call Imp
    46 | D        | Killed a rockslime
    48 | D        | Killed Jessica
    51 | D        | Killed Gastronok
    51 | D        | Killed an acid blob
    52 | D        | Killed a neqoxec
    53 | D        | Killed Mennas
    54 | D        | Killed a floating eye
    54 | D        | Killed a glowing orange brain
    56 | D        | Killed Maurice
    57 | D        | Killed an acid blob
    58 | D        | Killed a quicksilver ooze
    58 | D        | Killed the Royal Jelly
    58 | D        | Killed Joseph
    58 | D        | Killed an azure jelly
    60 | D        | Killed an azure jelly
    60 | D        | Killed a quicksilver ooze
    60 | D        | Killed a rockslime
    61 | D        | Killed the Serpent of Hell
    62 | D        | Killed a quicksilver ooze
    62 | D        | Killed a quicksilver ooze
    62 | D        | Killed Edmund
    62 | D        | Killed an azure jelly
    63 | D        | Killed Pikel
    63 | D        | Killed Nessos
    63 | D        | Killed a mana viper
    64 | D        | Killed an acid blob
    68 | D        | Killed an azure jelly
    69 | D        | Killed a quicksilver ooze
    69 | D        | Killed Grum
    69 | D        | Killed a quicksilver ooze
    69 | D        | Killed a rockslime
    70 | D        | Killed a rockslime
    70 | D        | Killed a rockslime
    70 | D        | Killed Eustachio
    71 | D        | Killed an acid blob
    71 | D        | Killed an acid blob
    72 | D        | Killed a rockslime
    74 | D        | Killed a rockslime
    84 | D        | Killed a culicivora
    87 | D        | Killed a rockslime
    88 | D        | Killed a cane toad
   109 | D        | Killed a purple very ugly thing
   118 | D        | Killed a culicivora
   123 | D        | Killed a white ugly thing
   123 | D        | Killed an ice dragon
   162 | D        | Entered arena 2.
   162 | D        | Found a transporter.
   181 | D        | Slain by a river rat

Illustrated notes

Levels and vault maps discovered:
D:        sprint_v [room_start, room_1, room_2, room_3, room_4, room_5, room_6,
          room_7, room_8, room_9, room_10, room_11, room_12, room_13, room_14,
          room_15, room_16, room_17, room_18, room_19, room_20, room_21,
          room_22, room_23, room_24, room_25, room_26, room_27]

Skill      XL: |  1 |
---------------+----+-----
Spellcasting   | 5 |  5.1
Summonings     | 6 |  6.6
Dodging        | |  2.6
Stealth        | |  2.6

Action                   || total
-------------------------++-------
 Cast: Summon Small Mamm ||     3
       Call Imp          ||     2
  Use: Potion            ||     1
Dodge: Dodged            ||     4

Table legend: (Time is in decaauts)
 A = Elapsed time spent in this place.
 B = Non-inter-level travel time spent in this place.
 C = Inter-level travel time spent in this place.
 D = Time resting spent in this place.
 E = Time spent auto-exploring this place.
 F = Levels seen in this place.
 G = Mean time per level.
                   A        B        C        D        E       F      G
               +--------+--------+--------+--------+--------+-----+--------+
         Total |    171 |    167 |      4 |    105 |     15 |   1 |  171.0 |
       Dungeon |    171 |    167 |      4 |    105 |     15 |   1 |  171.0 |
               +--------+--------+--------+--------+--------+-----+--------+

Top non-repeatable levels by time:
       D: 171 daAuts
